 Dungeon Sprint DCSS version 0.29-a0-409-gd843f3a48c (webtiles) character file.

Game seed: 11336614718160985011

26446 mhtbhm the Executioner (level 12, -4/208 HPs)
             Began as a Minotaur Berserker on May 14, 2022.
             Was the Champion of Trog.
             Slain by an alligator snapping turtle (20 damage)
             ... in the Dungeon (Sprint VII: "The Pits").
             The game lasted 00:05:01 (3217 turns).

mhtbhm the Executioner (Minotaur Berserker)         Turns: 3217, Time: 00:05:03

Health: -4/208     AC: 23    Str: 27    XL:     12   Next: 98%
Magic:  11/11      EV: 13    Int:  4    God:    Trog [******]
Gold:   60         SH:  5    Dex: 13    Spells: 11/11 levels left

rFire   . . .      SeeInvis .   o - +5 executioner's axe (vorpal)
rCold   + . .      Faith    .   (shield currently unavailable)
rNeg    . . .      Spirit   .   b - +4 chain mail
rPois   .          Reflect  +   (helmet restricted)
rElec   .          Harm     .   n - +0 cloak
rCorr   .          Rampage  .   (no gloves)
Will    +....      NoTele   +   (no boots)
Stlth   ..........              l - amulet "Otey" {Reflect Will+ Dex+3 Slay-2 SH+5}
HPRegen 0.44/turn               y - +4 ring of protection
MPRegen 0.12/turn               q - ring of protection from cold

@: berserking (expiring), flayed, very quick
A: horns 2, retaliatory headbutt
a: Renounce Religion, Berserk, Trog's Hand, Brothers in Arms


You were in the Dungeon.
You worshipped Trog.
Trog was exalted by your worship.
You visited 1 branch You collected 60 gold pieces.

Inventory:

Hand Weapons
 a - a +1 vorpal broad axe
 k - a +1 morningstar of holy wrath
 o - a +5 vorpal executioner's axe (weapon)
Armour
 b - a +4 chain mail (worn)
 n - a +0 cloak (worn)
Jewellery
 l - the amulet "Otey" (around neck) {Reflect Will+ Dex+3 Slay-2 SH+5}
   (You found it in the Dungeon)

   [amulet of reflection]

   It reflects blocked missile attacks.
   Dex:       It affects your dexterity (+3).
   Slay:      It affects your accuracy & damage with ranged weapons and melee
   (-2).
   SH:        It affects your SH (+5).
   Will:      It increases your willpower.
 q - a ring of protection from cold (right hand)
 s - a ring of flight
 y - a +4 ring of protection (left hand)
Scrolls
 h - 2 scrolls of blinking
 j - a scroll of summoning
 u - 2 scrolls of enchant weapon
 v - a scroll of fear
 w - 8 scrolls of enchant armour
Potions
 c - 7 potions of curing
 d - 20 potions of heal wounds
 e - 3 potions of haste
 f - 4 potions of magic
 g - 5 potions of berserk rage
 i - 2 potions of invisibility
 m - 2 potions of mutation
 p - a potion of ambrosia
 r - a potion of cancellation
Miscellaneous
 t - a condenser vane


   Skills:
 + Level 22.9 Fighting
 + Level 26.9 Axes
 + Level 15.2 Armour
 + Level 11.2 Dodging
 + Level 3.2 Stealth
 + Level 0.1 Shields


You had 11 spell levels left.
You didn't know any spells.
Your spell library was empty.

Dungeon Overview and Level Annotations

Branches:
Dungeon (1/1)

Altars:
Cheibriados
Dithmenos
Elyvilon
Fedhas
Gozag
Hepliaklqana
Makhleb
Nemelex Xobeh
Okawaru
Qazlal
Ru
Sif Muna
Trog
Vehumet
Wu Jian
Xom
Yredelemnul
Zin
The Shining One
Beogh
Jiyva
Lugonu


Innate Abilities, Weirdness & Mutations

You have a pair of horns on your head.
You reflexively headbutt those who attack you in melee.


Message History

You slash the minotaur!
Unknown command.
You slash the flayed ghost! You headbutt the flayed ghost!
The flayed ghost is heavily damaged.
You slice the orc sorcerer!!
You open the minotaur like a pillowcase!!!
The orc sorcerer hits you but does no damage.
You block the minotaur's attack. The minotaur closely misses you.
The flayed ghost closely misses you.
You barely miss the flayed ghost. Your headbutt misses the flayed ghost.
The flayed ghost is heavily damaged.
You slash the minotaur!
You kill the minotaur!
Trog accepts your kill. Trog grants you a weapon!
Something appears at your feet!
You see here a +1 battleaxe of flaming.
You closely miss the orc sorcerer.
Unknown command.
You slash the flayed ghost!
The flayed ghost is severely damaged.
You slash the orc sorcerer!
You kill the orc sorcerer!
Trog accepts your kill.
Trog appreciates your killing of a magic user.
A harpy comes into view.
The harpy claws you but does no damage. x2; The flayed ghost barely misses you.
You barely miss the flayed ghost.
The flayed ghost is severely damaged.
You slash the alligator snapping turtle!
You slice the harpy!! The harpy closely misses you.
The harpy completely misses you.
Unknown command.
You barely miss the flayed ghost.
The flayed ghost is severely damaged.
You closely miss the harpy.
You slice the alligator snapping turtle!!
The harpy claws you but does no damage. You block the harpy's attack.
You block the flayed ghost's attack.
The alligator snapping turtle bites you!!
You die...

+..... #.....
#######################..#..
#....................''.....
#....................''.....
#..################..##..#.. #..#
#H#.# #W#.#.#..##..... #..#
#.#W#t#.#Z##..##..... #..#
#2#@#)#$# #..####''# #..# #H#†#t#
#..####''# #..# #H#[#.#
#..##.))..
#..#########†######..##)#)##
######..........).........##.#.)'
___.##....................##.'..#
___.###########''###########.#.:+
_...###########''###########.+=.#
###'##................##..##.##+#


You could see an alligator snapping turtle, 2 flayed ghosts and 2 harpies.

Vanquished Creatures
  A fire giant (D)
  A balrug (D)
  A vampire knight (D)
  An apis (D)
  A deep elf demonologist (D)
  A minotaur (D)
  Josephine (D)
  A great orb of eyes (D)
  A hydra (D)
  An anaconda (D)
  A naga warrior (D)
  A boulder beetle (D)
  An alligator (D)
  2 death yaks (D)
  A vampire mage (D)
  Sonja (D)
  A sixfirhy (D)
  An iron troll (D)
  A sea snake (D)
  A flayed ghost (D)
  A spriggan druid (D)
  3 wizards (D)
  2 phantasmal warriors (D)
  A lindwurm (D)
  An orc sorcerer (D)
  An ugly thing (D)
  3 elephants (D)
  A black mamba (D)
  A yaktaur (D)
  A komodo dragon (D)
  A cane toad (D)
  2 ice devils (D)
  A rime drake (D)
  A troll (D)
  A wind drake (D)
  2 tarantellas (D)
  4 blink frogs (D)
  A jumping spider (D)
  A flying skull (D)
  6 wraiths (D)
  2 wyverns (D)
  A neqoxec (D)
  Grum (D)
  2 yaks (D)
  5 redbacks (D)
  3 nagas (D)
  2 orc warriors (D)
  A sky beast (D)
  2 ice beasts (D)
  An ogre (D)
  9 wolves (D)
  A centaur (D)
  A phantom (D)
  A scorpion (D)
  5 wights (D)
  A small abomination (D)
  A hound (D)
  An orc priest (D)
  A jelly (D)
  An iguana (D)
  An orc wizard (D)
  An adder (D)
  2 river rats (D)
  2 ufetubi (D)
  An adder zombie (D)
  10 orcs (D)
  A bat (D)
  A bat skeleton (D)
  An endoplasm (D)
  A goblin (D)
  8 jackals (D)
  2 ball pythons (D)
  A ball python simulacrum (D)
  A ball python skeleton (D)
  A ball python zombie (D)
  3 frilled lizards (D)
135 creatures vanquished.

Notes
Turn   | Place    | Note
-------+----------+-------------------------------------------
     0 | D        | mhtbhm the Minotaur Berserker began the quest for the Orb.
     0 | D        | Reached XP level 1. HP: 19/19 MP: 0/0
    15 | D        | Reached skill level 4 in Axes
    20 | D        | Found a bloodstained altar of Trog.
    20 | D        | Found a shimmering blue altar of Sif Muna.
    20 | D        | Found a viscous altar of Jiyva.
    20 | D        | Found a hazy altar of Hepliaklqana.
    20 | D        | Found an opulent altar of Gozag.
    21 | D        | Found a glowing golden altar of the Shining One.
    21 | D        | Found a glowing silver altar of Zin.
    21 | D        | Found a basalt altar of Yredelemnul.
    21 | D        | Found a shimmering altar of Xom.
    21 | D        | Found an ornate altar of the Wu Jian Council.
    21 | D        | Found a sacrificial altar of Ru.
    21 | D        | Found a stormy altar of Qazlal.
    21 | D        | Found an iron altar of Okawaru.
    21 | D        | Found a sparkling altar of Nemelex Xobeh.
    21 | D        | Found a burning altar of Makhleb.
    21 | D        | Found a blossoming altar of Fedhas.
    21 | D        | Found a white marble altar of Elyvilon.
    21 | D        | Found a shadowy altar of Dithmenos.
    21 | D        | Found a snail-covered altar of Cheibriados.
    23 | D        | Found a radiant altar of Vehumet.
    23 | D        | Found a corrupted altar of Lugonu.
    63 | D        | Reached ** piety under Trog
    64 | D        | Reached XP level 2. HP: 26/28 MP: 1/1
    94 | D        | Reached skill level 5 in Fighting
    94 | D        | Reached skill level 5 in Axes
   173 | D        | Noticed a scorpion
   184 | D        | Killed a scorpion
   184 | D        | Reached *** piety under Trog
   185 | D        | Reached skill level 7 in Axes
   185 | D        | Reached XP level 3. HP: 17/38 MP: 2/2
   185 | D        | Reached XP level 4. HP: 20/45 MP: 3/3
   467 | D        | Noticed an ice beast
   467 | D        | Noticed a sky beast
   467 | D        | Noticed an orc warrior
   471 | D        | Reached **** piety under Trog
   472 | D        | Reached skill level 8 in Axes
   476 | D        | Killed an orc warrior
   476 | D        | Reached ***** piety under Trog
   477 | D        | Reached skill level 9 in Axes
   477 | D        | Reached skill level 5 in Dodging
   477 | D        | Reached XP level 5. HP: 56/56 MP: 4/4
   479 | D        | Killed an ice beast
   479 | D        | Received a gift from Trog
   480 | D        | Reached skill level 10 in Axes
   480 | D        | Reached skill level 5 in Armour
   480 | D        | Reached XP level 6. HP: 66/66 MP: 5/5
   488 | D        | Killed a sky beast
   489 | D        | Reached skill level 10 in Fighting
   489 | D        | Reached skill level 11 in Axes
   545 | D        | Reached skill level 12 in Axes
   547 | D        | Noticed a wyvern
   553 | D        | Killed a wyvern
   554 | D        | Reached skill level 1 in Stealth
   554 | D        | Reached XP level 7. HP: 65/74 MP: 6/6
   612 | D        | Noticed a wizard
   612 | D        | Noticed a phantasmal warrior
   616 | D        | Reached skill level 13 in Axes
   623 | D        | Reached ****** piety under Trog
   626 | D        | Killed a phantasmal warrior
   626 | D        | Received a gift from Trog
   627 | D        | Reached skill level 14 in Axes
   627 | D        | Reached XP level 8. HP: 47/85 MP: 7/7
   633 | D        | Killed a wizard
   634 | D        | Reached skill level 15 in Axes
   869 | D        | Noticed Josephine
   869 | D        | Noticed a green ugly thing
   874 | D        | Received a gift from Trog
   878 | D        | Killed a green ugly thing
   879 | D        | Reached skill level 16 in Axes
   879 | D        | Reached XP level 9. HP: 95/95 MP: 8/8
   881 | D        | Reached skill level 17 in Axes
   883 | D        | Killed Josephine
   884 | D        | Reached skill level 15 in Fighting
   884 | D        | Reached skill level 10 in Armour
   884 | D        | Received a gift from Trog
   885 | D        | Reached skill level 18 in Axes
   932 | D        | Noticed Grum
   934 | D        | Noticed a great orb of eyes
   943 | D        | Killed a great orb of eyes
   944 | D        | Reached XP level 10. HP: 52/107 MP: 9/9
   946 | D        | Killed Grum
   947 | D        | Reached skill level 19 in Axes
  1221 | D        | Noticed a wizard
  1231 | D        | Killed a wizard
  1231 | D        | Received a gift from Trog
  1241 | D        | Noticed an elephant
  1246 | D        | Killed an elephant
  1333 | D        | Reached skill level 20 in Axes
  1341 | D        | Received a gift from Trog
  1477 | D        | Noticed a cane toad
  1483 | D        | Killed a cane toad
  1528 | D        | Noticed Sonja
  1528 | D        | Noticed a naga warrior
  1532 | D        | Reached skill level 21 in Axes
  1534 | D        | Received a gift from Trog
  1535 | D        | Reached skill level 10 in Dodging
  1535 | D        | Killed Sonja
  1536 | D        | Reached XP level 11. HP: 81/117 MP: 10/10
  1536 | D        | Killed a naga warrior
  1806 | D        | Noticed a phantasmal warrior
  1809 | D        | Killed a phantasmal warrior
  1810 | D        | Reached skill level 22 in Axes
  1816 | D        | Noticed a seven-headed hydra
  1818 | D        | Noticed a spriggan druid
  1818 | D        | Noticed a boulder beetle
  1824 | D        | Killed a ten-headed hydra
  1824 | D        | Received a gift from Trog
  1827 | D        | Killed a boulder beetle
  1830 | D        | Killed a spriggan druid
  2021 | D        | Noticed a death yak
  2021 | D        | Noticed a sea snake
  2021 | D        | Noticed a flayed ghost
  2027 | D        | Killed a flayed ghost
  2027 | D        | Received a gift from Trog
  2028 | D        | Reached skill level 23 in Axes
  2028 | D        | Killed a sea snake
  2029 | D        | Killed a death yak
  2530 | D        | Noticed an anaconda
  2531 | D        | Noticed a lindwurm
  2533 | D        | Noticed an alligator
  2534 | D        | Killed an anaconda
  2534 | D        | Received a gift from Trog
  2538 | D        | Reached skill level 24 in Axes
  2543 | D        | Received a gift from Trog
  2544 | D        | Killed an alligator
  2545 | D        | Reached XP level 12. HP: 132/132 MP: 11/11
  2895 | D        | Noticed a vampire knight
  2895 | D        | Noticed a fire giant
  2895 | D        | Noticed an apis
  2895 | D        | Noticed a deep elf demonologist
  2900 | D        | Noticed an Ice Fiend
  2903 | D        | Killed a vampire knight
  2903 | D        | Received a gift from Trog
  2908 | D        | Killed a fire giant
  2909 | D        | Reached skill level 25 in Axes
  2911 | D        | Killed a deep elf demonologist
  2918 | D        | Killed an apis
  2918 | D        | Received a gift from Trog
  2965 | D        | Got the amulet "Otey" {Reflect Will+ Dex+3 Slay-2 SH+5}
  3192 | D        | Noticed a death yak
  3192 | D        | Noticed a cacodemon
  3192 | D        | Noticed a vampire mage
  3195 | D        | Noticed an alligator snapping turtle
  3201 | D        | Noticed a balrug
  3205 | D        | Reached skill level 26 in Axes
  3206 | D        | Received a gift from Trog
  3210 | D        | Killed a balrug
  3210 | D        | Killed a vampire mage
  3211 | D        | Reached skill level 15 in Armour
  3211 | D        | Noticed a minotaur
  3212 | D        | Killed a death yak
  3214 | D        | Killed a minotaur
  3214 | D        | Received a gift from Trog
  3217 | D        | Slain by an alligator snapping turtle

Illustrated notes

Levels and vault maps discovered:
D:        pitsprint [storerooms_1, entrance_room_1, metal_vault_2, armoury_2,
          mini_pit_1, grid_room_1, main_hall_1, silver_pit, the_coven_1,
          the_vestibule_1, steel_vault_4, golden_pit, hallway_of_sentries,
          crystal_vault_1, iron_vault_3, final_vault]

Skill      XL: |  1  2  3  4  5  6  7  8  9 10 11 12 |
---------------+-------------------------------------+-----
Fighting       | 4 6 8 9 11 12 14 15 17 19 22 | 22.9
Axes           | 4 7 9 10 12 14 16 18 21 24 26 | 26.9
Dodging        | 4 5 6 7 8 9 10 11 | 11.2
Armour         | 3 4 5 7 9 10 12 13 15 | 15.2
Stealth        | 1 2 3 |  3.2
Shields        | |  0.1

Action                   |  1- 3 |  4- 6 |  7- 9 | 10-12 || total
-------------------------+-------+-------+-------+-------++-------
Melee: Hand axe          |    21 |    29 |    23 |       ||    73
       Headbutt          |     1 |     3 |    16 |    20 ||    40
       Broad axe         |       |       |    17 |       ||    17
       Executioner's axe |       |       |     5 |   128 ||   133
Invok: Berserk           |       |     1 |     3 |     5 ||     9
  Use: Potion            |       |       |       |     1 ||     1
       Scroll            |       |       |       |     1 ||     1
Armor: Animal skin       |     9 |     1 |       |       ||    10
       Chain mail        |       |     6 |    18 |    80 ||   104
Dodge: Dodged            |    13 |    11 |    33 |    69 ||   126
Block: Other             |       |       |       |     3 ||     3

Table legend: (Time is in decaauts)
 A = Elapsed time spent in this place.
 B = Non-inter-level travel time spent in this place.
 C = Inter-level travel time spent in this place.
 D = Time resting spent in this place.
 E = Time spent auto-exploring this place.
 F = Levels seen in this place.
 G = Mean time per level.
                   A        B        C        D        E       F      G
               +--------+--------+--------+--------+--------+-----+--------+
         Total |   3222 |   3222 |      0 |   2153 |     32 |   1 | 3222.0 |
       Dungeon |   3222 |   3222 |      0 |   2153 |     32 |   1 | 3222.0 |
               +--------+--------+--------+--------+--------+-----+--------+

Top non-repeatable levels by time:
       D: 3222 daAuts
